 Dungeon Crawl Stone Soup version 0.28-a0-796-gd4f0d3f9b2 (webtiles) character file.

Game seed: 9716180174344425802

1925 crocop the Slasher (level 8, -2/68 HPs)
             Began as a Minotaur Fighter on Nov 5, 2021.
             Slain by a two-headed ogre (20 damage)
             ... on level 5 of the Dungeon on Nov 6, 2021.
             The game lasted 01:53:04 (5286 turns).

crocop the Slasher (Minotaur Fighter)               Turns: 5286, Time: 01:53:07

Health: -2/68      AC: 15    Str: 21    XL:     8   Next: 96%
Magic:  7/7        EV:  8    Int:  5    God:
Gold:   274        SH:  6    Dex: 18    Spells: 7/7 levels left

rFire   . . .      SeeInvis .   a - +1 long sword
rCold   . . .      Faith    .   c - +0 buckler
rNeg    . . .      Spirit   .   l - +2 chain mail
rPois   .          Reflect  .   (helmet restricted)
rElec   .          Harm     .   m - +1 cloak
rCorr   .          Rampage  .   (no gloves)
Will    +....                   (no boots)
Stlth   ..........              (no amulet)
HPRegen 0.21/turn               i - +6 ring of dexterity
MPRegen 0.10/turn               n - ring of willpower

@: no status effects
A: horns 2, retaliatory headbutt
a: no special abilities


You were on level 5 of the Dungeon.
You visited 1 branch of the dungeon, and saw 6 of its levels.

You collected 274 gold pieces.

Inventory:

Hand Weapons
 a - a +1 long sword (weapon)
 f - a +1 dagger of electrocution
 y - a +0 shortbow
Missiles
 b - 90 arrows
 e - 61 bolts
 j - 2 javelins (quivered)
 r - 4 poisoned darts
Armour
 c - a +0 buckler (worn)
 l - a +2 chain mail (worn)
 m - a +1 cloak (worn)
Jewellery
 i - a +6 ring of dexterity (left hand)
 n - a ring of willpower (right hand)
Scrolls
 g - 2 scrolls of immolation
 k - a scroll of enchant weapon
 q - 2 scrolls of amnesia
 s - a scroll of teleportation {unknown}
 u - a scroll of identify
 v - a scroll of fear {unknown}
 w - a scroll of fog {unknown}
 x - a scroll of vulnerability {unknown}
Potions
 d - 3 potions of might
 h - a potion of berserk rage
 p - a potion of cancellation
 t - a potion of flight
 z - a potion of haste
 A - a potion of brilliance


   Skills:
 + Level 5.3 Fighting
 + Level 7.8 Long Blades
 + Level 6.7 Throwing
 + Level 7.5 Armour
 + Level 0.4 Dodging
 + Level 0.3 Stealth
 + Level 4.8 Shields


You had 7 spell levels left.
You didn't know any spells.
Your spell library contained the following spells:

 Spells                   Type           Power      Damage    Failure   Level
 Apportation              Tloc           0%         N/A       99%         1
 Alistair's Intoxication  Tmut/Pois      0%         N/A       100%        5
 Borgnjor's Vile Clutch   Necr/Erth      0%         N/A       100%        5
 Eringya's Noxious Bog    Tmut/Pois      0%         N/A       100%        6
 Invisibility             Hex            0%         N/A       100%        6


Dungeon Overview and Level Annotations

Branches:
Dungeon (6/15)             Temple (0/1) D:5

Altars:
Hepliaklqana
Vehumet


Innate Abilities, Weirdness & Mutations

You have a pair of horns on your head.
You reflexively headbutt those who attack you in melee.


Message History

You feel a little less mighty now.
An adder comes into view.
The adder hisses angrily.
The adder barely misses you. You furiously retaliate!
You headbutt the adder.
The adder bites you but does no damage. x2
The adder bites you but does no damage. The adder bites you.
The adder closely misses you. You furiously retaliate!
You headbutt the adder!
You kill the adder!
There is a stone staircase leading down here.
You can't go up here!
You climb downwards.
The two-headed ogre barely misses you. You furiously retaliate!
You headbutt the two-headed ogre.
The two-headed ogre hits you with a +0 giant club!
There is a stone staircase leading up, spattered with blood here.
The two-headed ogre hits you with a +0 dire flail of protection!
The two-headed ogre hits you with a +0 giant club.
You climb upwards.
There is a stone staircase leading down here.
The two-headed ogre hits you with a +0 dire flail of protection!
The two-headed ogre hits you with a +0 giant club.
You hit the two-headed ogre.
The two-headed ogre is lightly wounded.
The two-headed ogre barely misses you. You furiously retaliate!
You headbutt the two-headed ogre, but do no damage.
The two-headed ogre hits you with a +0 giant club!
You slash the two-headed ogre! You headbutt the two-headed ogre!
The two-headed ogre is moderately wounded.
You hit the two-headed ogre.
Your headbutt misses the two-headed ogre.
The two-headed ogre is moderately wounded.
The two-headed ogre hits you with a +0 dire flail of protection.
The two-headed ogre hits you with a +0 giant club.
You slash the two-headed ogre!
Your headbutt misses the two-headed ogre.
The two-headed ogre is heavily wounded.
The two-headed ogre hits you with a +0 dire flail of protection.
* * * LOW HITPOINT WARNING * * *
The two-headed ogre hits you with a +0 giant club!!
You die...

#)#.# #.##.....#.... #.#.#
#.####........ ######.#.####
#.###...###### #....>......#
#.##.....## #.####.#.##.#
#.#.......#### #.# #.#.##.#
###.#..>.......# #.#
#.#.##.###...#.......##.# #.#
#.#.##.##.....#.....###.# #.#
#.......@O#............<. #.#
###.##.##.....#...####).# #.#
#.##.###.####...# #..# #.#
##.##.###.####..#####..# #.#
#......................#
#.######.##.###.####...#####..
#...........# #......#........
############# ######...#######
#####


You could see a two-headed ogre.

Vanquished Creatures
  A two-headed ogre (D:5)
  Grinder (D:4)
  An ice beast (D:5)
  3 necrophages (D:5)
  A centaur (D:6)
  A scorpion (D:6)
  A water moccasin zombie (D:5)
  3 wights (D:6)
  A hound (D:5)
  A jelly (D:5)
  2 centaur skeletons
  2 iguanas (D:5)
  4 orc wizards
  A hound skeleton (D:4)
  3 gnolls (D:5)
  5 adders
  A white imp (D:5)
  An ufetubus (D:6)
  A dart slug (D:4)
  16 orcs
  6 endoplasms
  2 giant cockroaches
  4 goblins
  7 hobgoblins
  15 jackals
  A quokka (D:3)
  5 ball pythons
  11 bats
  3 frilled lizards (D:2)
  8 kobolds
  6 rats
118 creatures vanquished.

Vanquished Creatures (others)
  An orc wizard (D:6)
  4 plants
5 creatures vanquished.

Grand Total: 123 creatures vanquished

Notes
Turn   | Place    | Note
-------+----------+-------------------------------------------
     0 | D:1      | crocop the Minotaur Fighter began the quest for the Orb.
     0 | D:1      | Reached XP level 1. HP: 19/19 MP: 0/0
   167 | D:1      | Reached XP level 2. HP: 27/27 MP: 1/1
  1129 | D:1      | Found a faded altar of an unknown god.
  1250 | D:2      | Found a hazy altar of Hepliaklqana.
  1351 | D:2      | Reached XP level 3. HP: 28/33 MP: 2/2
  2013 | D:2      | Reached XP level 4. HP: 40/40 MP: 3/3
  2956 | D:4      | Reached XP level 5. HP: 45/46 MP: 4/4
  3027 | D:4      | Noticed Grinder
  3032 | D:4      | Paralysed by Grinder for 7 turns
  3049 | D:4      | Killed Grinder
  3050 | D:4      | Reached skill level 5 in Long Blades
  3050 | D:4      | Reached skill level 1 in Throwing
  3050 | D:4      | Reached skill level 5 in Armour
  3050 | D:4      | Reached XP level 6. HP: 31/53 MP: 5/5
  3265 | D:4      | Found a radiant altar of Vehumet.
  3285 | D:4      | Upgraded the game from 0.28-a0-793-g31680bbd8b to
                  | 0.28-a0-796-gd4f0d3f9b2
  3638 | D:5      | Entered Level 5 of the Dungeon
  3731 | D:5      | Found a staircase to the Ecumenical Temple.
  3787 | D:5      | Noticed a two-headed ogre
  3794 | D:5      | Killed a two-headed ogre
  3795 | D:5      | Reached XP level 7. HP: 50/60 MP: 6/6
  3795 | D:5      | Reached XP level 8. HP: 56/67 MP: 7/7
  3955 | D:5      | Reached skill level 5 in Throwing
  4151 | D:5      | Reached skill level 5 in Fighting
  4931 | D:6      | Noticed a two-headed ogre
  5286 | D:5      | Slain by a two-headed ogre

Illustrated notes

Levels and vault maps discovered:
D:1:      dpeg_arrival_houses_and_road, layout_loops_corners,
          shapermc_ecumenical_altar_hornbeckon, minmay_ruptured
D:2:      layout_basic, basic_altar, kennysheep_flooded_box,
          kennysheep_generic_room_16
D:3:      layout_rooms
D:4:      cheibrodos_old_hovel, layout_basic, lemuel_tele_altar, uniq_grinder
D:5:      layout_loops_ring, temple_pool_b, st_stairs_9, palyth_stone_intersect,
          minmay_misc_feat_iff, kennysheep_opposing_triangles
D:6:      minmay_chambers_of_threes, layout_rooms,
          grunt_temple_overflow_forces_of_nature,
          mainiacjoe_overflow_small_starburst

Skill      XL: |  1  2  3  4  5  6  7  8 |
---------------+-------------------------+-----
Fighting       | 4 5 |  5.3
Armour         | 4 5 6 7 |  7.5
Long Blades    | 3 4 5 6 7 |  7.8
Shields        | 4 |  4.8
Throwing       | 1 4 6 |  6.7
Dodging        | |  0.4
Stealth        | |  0.3

Action                   |  1- 3 |  4- 6 |  7- 9 || total
-------------------------+-------+-------+-------++-------
Melee: Long sword        |    93 |    48 |    83 ||   224
       Headbutt          |    16 |    18 |    22 ||    56
Throw: Javelin           |       |    41 |    28 ||    69
       Dart              |       |     4 |     8 ||    12
  Use: Scroll            |     4 |     4 |     5 ||    13
       Potion            |       |     2 |     2 ||     4
Armor: Scale mail        |    22 |       |       ||    22
       Chain mail        |    10 |    31 |    60 ||   101
Dodge: Dodged            |    39 |    17 |    38 ||    94
Block: Buckler           |    18 |    15 |    19 ||    52

Table legend: (Time is in decaauts)
 A = Elapsed time spent in this place.
 B = Non-inter-level travel time spent in this place.
 C = Inter-level travel time spent in this place.
 D = Time resting spent in this place.
 E = Time spent auto-exploring this place.
 F = Levels seen in this place.
 G = Mean time per level.
                   A        B        C        D        E       F      G
               +--------+--------+--------+--------+--------+-----+--------+
         Total |   5349 |   5347 |      2 |      0 |   2470 |   6 |  891.5 |
       Dungeon |   5349 |   5347 |      2 |      0 |   2470 |   6 |  891.5 |
               +--------+--------+--------+--------+--------+-----+--------+

Top non-repeatable levels by time:
     D:5: 1257 daAuts
     D:1: 1251 daAuts
     D:2: 976 daAuts
     D:4: 881 daAuts
     D:3: 583 daAuts
     D:6: 398 daAuts
